 Dungeon Crawl Stone Soup version 0.30-a0-359-gd0147acb1a (webtiles) character file.

Game seed: 270294487367437510

48062 pokeman the Sorcerer (level 14, -1/98 HPs)
             Began as a Deep Elf Hedge Wizard on Nov 12, 2022.
             Was a High Priest of Vehumet.
             Shot with a bolt by a tengu warrior (13 damage)
             ... on level 15 of the Dungeon.
             The game lasted 00:51:45 (16274 turns).

pokeman the Sorcerer (Deep Elf Hedge Wizard)       Turns: 16274, Time: 00:51:46

Health: -1/98      AC: 14    Str:  9    XL:     14   Next: 10%
Magic:  25/50      EV: 12    Int: 31    God:    Vehumet [*****.]
Gold:   1032       SH:  0    Dex: 18    Spells: 30/55 levels left

rFire   . . .      SeeInvis +    X - staff of conjuration
rCold   + . .      Faith    .    (no shield)
rNeg    + . .      Spirit   .    Y - +0 acid dragon scales
rPois   +          Reflect  .    r - +2 hat
rElec   .          Harm     .    p - +1 cloak of the Stars {Dex+8 SInv}
rCorr   +          Rampage  .    C - +0 pair of gloves "Zeazy" {Str+4}
Will    +....                    J - +0 pair of boots
Stlth   ++........               M - amulet of Generosity {Regen+ Slay+2}
HPRegen 1.16/turn                n - ring of magical power
MPRegen 0.32/turn                q - ring "Icemases" {rPois rC+ rN+ Int+6 Dex-4}

@: studying Long Blades
A: robust 2, weak 1
a: Renounce Religion


You were on level 15 of the Dungeon.
You worshipped Vehumet.
Vehumet was extremely pleased with you.
You visited 2 branches of the dungeon, and saw 16 of its levels.

You collected 1458 gold pieces.
You spent 426 gold pieces at shops.

Inventory:

Hand Weapons
 h - a +2 shortbow of draining
 x - a +2 whip of venom
 I - the +9 mace of Integrity {pain, rElec rPois}
   (You found it on level 9 of the Dungeon)

   In the hands of one skilled in necromantic magic, it inflicts extra damage on
   living creatures.
   rElec:     It insulates you from electricity.
   rPois:     It protects you from poison.
Armour
 p - the +1 cloak of the Stars (worn) {Dex+8 SInv}
   (You found it on level 13 of the Dungeon)

   Dex:       It affects your dexterity (+8).
   SInv:      It lets you see invisible.
 r - a +2 hat (worn)
 C - the +0 pair of gloves "Zeazy" (worn) {Str+4}
   (You found it on level 4 of the Dungeon)

   Str:       It affects your strength (+4).
 J - a +0 pair of boots (worn)
 N - the +2 robe of the Harvest Moon {rCorr Str+7 Slay-3 SInv}
   (You found it on level 15 of the Dungeon)

   Str:       It affects your strength (+7).
   Slay:      It affects your accuracy & damage with ranged weapons and melee
   (-3).
   SInv:      It lets you see invisible.
   rCorr:     It protects you from acid and corrosion.
 V - the +1 cloak of Starlight {*Dazzle EV+4 Stlth--}
   (You bought it in a shop on level 8 of the Dungeon)

   It may blind those who miss an attack against the wearer in melee combat.
   EV:        It affects your evasion (+4).
   Stlth:     It makes you much less stealthy.
 Y - +0 acid dragon scales (worn)
Magical Staves
 X - a staff of conjuration (weapon)
Jewellery
 b - a ring of willpower
 n - a ring of magical power (left hand)
 q - the ring "Icemases" (right hand) {rPois rC+ rN+ Int+6 Dex-4}
   (You found it on level 2 of the Dungeon)

   [ring of positive energy]

   Int:       It affects your intelligence (+6).
   Dex:       It affects your dexterity (-4).
   rC:        It protects you from cold.
   rPois:     It protects you from poison.
   rN:        It protects you from negative energy.
 u - a +6 ring of strength
 A - a +4 ring of evasion
 M - the amulet of Generosity (around neck) {Regen+ Slay+2}
   (You found it on level 7 of the Dungeon)

   [amulet of regeneration]

   Slay:      It affects your accuracy & damage with ranged weapons and melee
   (+2).
   Regen:     It increases your rate of health regeneration.
 R - an amulet of reflection
Wands
 c - a wand of flame (15)
 i - a wand of iceblast (9)
 k - a wand of digging (5)
 H - a wand of acid (3)
Scrolls
 g - 8 scrolls of teleportation
 j - 2 scrolls of magic mapping
 l - a scroll of torment
 m - 3 scrolls of vulnerability
 o - 2 scrolls of amnesia
 s - 3 scrolls of blinking
 v - 2 scrolls of brand weapon
 w - 2 scrolls of enchant armour {unknown}
 y - 3 scrolls of poison {unknown}
 B - a scroll of fog
 E - 2 scrolls of noise {unknown}
 K - 3 scrolls of immolation {unknown}
 Q - a scroll of fear {unknown}
Potions
 a - a potion of mutation
 d - 6 potions of magic
 e - 3 potions of invisibility
 f - 4 potions of heal wounds
 t - a potion of brilliance
 z - a potion of flight
 D - 2 potions of resistance {unknown}
 F - a potion of berserk rage {unknown}
 G - 4 potions of curing
 L - 7 potions of haste {unknown}
 O - 4 potions of attraction {unknown}


   Skills:
 - Level 7.0 Fighting
 + Level 6.8 Armour
 - Level 3.0 Dodging
 - Level 3.0 Stealth
 * Level 21.1 Spellcasting
 + Level 12.8 Conjurations
 - Level 1.1 Summonings
 - Level 2.0 Necromancy
 - Level 1.1 Translocations
 + Level 8.6 Fire Magic
 - Level 2.0 Ice Magic
 - Level 1.1 Air Magic
 - Level 1.1 Poison Magic
 - Level 1.0 Evocations


You had 30 spell levels left.
You knew the following spells:

 Your Spells              Type           Power      Damage    Failure   Level
a - Magic Dart            Conj           100%       1d8       0%          1
b - Mephitic Cloud        Conj/Pois/Air  77%        N/A       1%          3
c - Call Imp              Summ           39%        N/A       1%          2
d - Blink                 Tloc           78%        N/A       1%          2
e - Shock                 Conj/Air       100%       1d9       1%          1
f - Flame Wave            Conj/Fire      99%        2d21      1%          4
g - Freezing Cloud        Conj/Ice/Air   39%        6-21      1%          5
h - Orb of Destruction    Conj           53%        9d13      1%          7

Your spell library contained the following spells:

 Spells                   Type           Power      Damage    Failure   Level
 Eringya's Noxious Bog    Tmut/Pois      18%        N/A       43%         6
 Necrotise                Necr           100%       1d9       1%          1
 Slow                     Hex            100%       N/A       1%          1
 Cigotuvi's Dreadful Rot  Necr/Pois/Air  82%        N/A       1%          2
 Hailstorm                Conj/Ice       87%        3d17      1%          3
 Ignite Poison            Fire/Tmut/Pois 52%        N/A       1%          3
 Sticky Flame             Conj/Fire      99%        2d11      1%          4
 Vampiric Draining        Necr           45%        2d9       2%          3
 Summon Guardian Golem    Hex/Summ       36%        N/A       4%          3
 Dispel Undead            Necr           45%        3d17      7%          4
 Anguish                  Hex/Necr       19%        N/A       11%         4
 Ice Form                 Ice/Tmut       39%        N/A       11%         4
 Agony                    Necr           45%        N/A       21%         5
 Spellforged Servitor     Conj/Summ      42%        N/A       21%         7
 Summon Forest            Summ/Tloc      19%        N/A       28%         5
 Summon Mana Viper        Hex/Summ       36%        N/A       36%         5
 Ignition                 Fire           36%        3d11      58%         8
 Simulacrum               Ice/Necr       22%        N/A       73%         6
 Summon Cactus Giant      Summ           19%        N/A       85%         6
 Infestation              Necr           22%        N/A       100%        8
 Polar Vortex             Ice            22%        N/A       100%        9


Dungeon Overview and Level Annotations

Branches:
Dungeon (15/15)            Temple (1/1) D:4            Lair (0/5) D:9
    Orc (0/2) D:10         Vaults (0/5) D:13         Depths (0/4) D:15

Altars:
Ashenzari
Dithmenos
Elyvilon
Fedhas
Gozag
Hepliaklqana
Nemelex Xobeh
Okawaru
Qazlal
Ru
Sif Muna
Uskayaw
Vehumet
Wu Jian
Xom
Zin
The Shining One

Shops:
D:7 ((   D:8 [   D:12 *


Innate Abilities, Weirdness & Mutations

You are very robust. (+20% HP)
You are weak. (Str -2)


Message History

Aiming: Orb of Destruction (dangerous; 1% risk of failure)
Press: ? - help, Shift-Dir - straight line, f - stone giant
Aim: a stone giant, quivering large rocks You feel a surge of power!
The tengu warrior shouts!
Unknown command.
The orb of destruction hits the stone giant!!!
The stone giant is heavily wounded.
Casting: Orb of Destruction (dangerous; 1% risk of failure)
Confirm with . or Enter, or press ? or * to list all spells.
Aiming: Orb of Destruction (dangerous; 1% risk of failure)
Press: ? - help, Shift-Dir - straight line, f/p - stone giant
Aim: a stone giant, quivering large rocks (magical condensation, heavily wounded)
You feel a surge of power!
The tengu warrior shoots a bolt.
The bolt barely misses you.
The stone giant throws a large rock.
The large rock hits you!
The orb of destruction hits the stone giant!!!
You blow up the stone giant!
Vehumet accepts your kill.
You feel your power returning.
The tengu warrior shoots a bolt.
The bolt hits you!!
Unknown command.
Casting: Orb of Destruction (dangerous; 1% risk of failure)
Confirm with . or Enter, or press ? or * to list all spells.
Aiming: Freezing Cloud (dangerous; 1% risk of failure)
Press: ? - help, Dir - move target You feel a surge of power!
The tengu warrior is engulfed in freezing vapours.
The tengu warrior shoots a bolt.
The bolt hits you!!
* * * LOW HITPOINT WARNING * * *
Unknown command.
Unknown command.
The tengu warrior is engulfed in freezing vapours.
The tengu warrior shoots a bolt.
The bolt misses you.
The tengu warrior is engulfed in freezing vapours.
The tengu warrior shoots a bolt.
The bolt hits you!
* * * LOW HITPOINT WARNING * * *
The tengu warrior is engulfed in freezing vapours.
The tengu warrior shoots a bolt.
The bolt hits you!
You die...

### #.## ############ ########
#..## ##..........# ###......#
##..##
##...........###......... ##..#
##............##..#.......
##.###.............#..##.......
##.#.........@................
#................##.8........
##...^...8.8.8...##..........
#...............###.........
#...........(..## #......... #
##...§.§§......# #......... #
###.Q§§.......# #......... #
##.....###### #......... #
###......# #.........


You could see a tengu warrior.

Vanquished Creatures
  Jorgrun (D:15)
  Kirke (D:13)
  Frances (D:14)
  A stone giant (D:15)
  Azrael (D:14)
  A fire dragon (D:14)
  Josephine (D:13)
  3 vault guards (D:13)
  A hydra (D:13)
  An entropy weaver (shapeshifter) (D:15)
  An ogre mage (D:15)
  2 centaur warriors
  6 two-headed ogres
  3 boulder beetles
  Erica (D:9)
  3 tengu warriors
  9 skeletal warriors
  Lodul (D:13)
  2 wizards (D:13)
  Pikel (D:5)
  2 deep elf pyromancers (D:12)
  2 orc knights (D:13)
  5 cyclopes
  A manticore (D:11)
  3 slime creatures (D:12)
  An ice statue (D:13)
  3 gargoyles
  2 unseen horrors (D:11)
  A kobold demonologist (D:11)
  6 ice devils (D:13)
  A tengu conjurer (D:14)
  A troll (D:12)
  Prince Ribbit (D:6)
  A hornet (shapeshifter) (D:15)
  A blink frog (shapeshifter) (D:15)
  4 shadows
  6 wraiths
  31 yaks
  A water elemental (D:13)
  2 fire elementals (D:14)
  4 hogs (D:13)
  A human (D:13)
  2 basilisks
  2 wargs (D:9)
  2 steam dragons
  3 hell hounds (D:14)
  3 acid dragons
  Duvessa (D:7)
  3 ice beasts
  7 orc warriors
  A black bear (D:6)
  11 ogres
  7 centaurs
  A lemure (D:5)
  2 phantoms (D:10)
  2 bullfrogs
  A scorpion (D:6)
  13 wights
  A hornet simulacrum (D:15)
  Dowan (D:7)
  2 troll zombies (D:10)
  An electric eel (D:13)
  4 howler monkeys
  A jelly (D:6)
  10 orc priests
  A gnoll bouda (D:7)
  4 hounds
  2 iguanas
  Ijyb (D:5)
  13 orc wizards
  4 ogre zombies (D:10)
  14 gnolls
  9 adders
  A shadow imp (D:5)
  3 white imps
  8 ufetubi
  2 worms (D:2)
  A dart slug (D:5)
  37 orcs
  7 endoplasms
  3 giant cockroaches
  6 goblins
  8 hobgoblins
  10 jackals
  6 kobolds
  4 quokkas
  4 ball pythons
  5 bats
  7 frilled lizards
  A goblin skeleton (D:10)
  4 goblin zombies (D:10)
  A hobgoblin skeleton (D:10)
  A hobgoblin zombie (D:10)
  2 orc skeletons (D:10)
  7 orc zombies (D:10)
  7 rats
385 creatures vanquished.

Vanquished Creatures (collateral kills)
  2 orcs (D:5)
  2 orc zombies (D:10)
4 creatures vanquished.

Vanquished Creatures (others)
  A plant (D:7)
1 creature vanquished.

Grand Total: 390 creatures vanquished

Notes
Turn   | Place    | Note
-------+----------+-------------------------------------------
     0 | D:1      | pokeman the Deep Elf Hedge Wizard began the quest for the
                  | Orb.
     0 | D:1      | Reached XP level 1. HP: 10/10 MP: 7/7
   424 | D:1      | Reached XP level 2. HP: 16/16 MP: 5/9
   936 | D:1      | Reached skill level 5 in Spellcasting
   940 | D:1      | Reached XP level 3. HP: 16/20 MP: 1/11
   944 | D:1      | Learned a level 3 spell: Mephitic Cloud
   947 | D:1      | Learned a level 2 spell: Call Imp
   950 | D:1      | Learned a level 2 spell: Blink
  1773 | D:2      | Reached skill level 1 in Fighting
  1773 | D:2      | Reached skill level 1 in Armour
  1880 | D:2      | Identified the ring "Icemases" {rPois rC+ rN+ Int+6 Dex-4}
  2090 | D:2      | Reached XP level 4. HP: 25/25 MP: 13/13
  2372 | D:3      | Found an iron altar of Okawaru.
  3221 | D:3      | Reached skill level 6 in Spellcasting
  3499 | D:4      | Found a staircase to the Ecumenical Temple.
  3514 | Temple   | Entered the Ecumenical Temple
  3522 | Temple   | Became a worshipper of Vehumet
  3641 | D:4      | Identified the +7 spear of Offan {protect, Contam rPois
                  | Int+4}
  3874 | D:4      | Identified the +0 pair of gloves "Zeazy" {Str+4}
  4207 | D:5      | Entered Level 5 of the Dungeon
  4213 | D:5      | Noticed an ice beast
  4236 | D:5      | Killed an ice beast
  4237 | D:5      | Reached skill level 1 in Air Magic
  4237 | D:5      | Reached skill level 1 in Poison Magic
  4237 | D:5      | Reached XP level 5. HP: 29/29 MP: 16/16
  4382 | D:5      | Noticed an orc warrior
  4411 | D:5      | Killed an orc warrior
  4412 | D:5      | Reached skill level 7 in Spellcasting
  4412 | D:5      | Reached skill level 1 in Evocations
  4412 | D:5      | Reached XP level 6. HP: 30/34 MP: 18/18
  4700 | D:5      | Reached * piety under Vehumet
  4700 | D:5      | Offered knowledge of Shock by Vehumet.
  4736 | D:5      | Learned a level 1 spell: Shock
  4777 | D:5      | Noticed Pikel
  4794 | D:5      | Killed Pikel
  4795 | D:5      | Reached skill level 9 in Spellcasting
  4795 | D:5      | Reached XP level 7. HP: 39/40 MP: 17/21
  5022 | D:5      | Reached XP level 8. HP: 45/45 MP: 19/23
  5097 | D:5      | Noticed Ijyb
  5122 | D:5      | Killed Ijyb
  5337 | D:6      | Reached skill level 5 in Conjurations
  5586 | D:6      | Reached skill level 10 in Spellcasting
  5704 | D:6      | Learned a level 5 spell: Freezing Cloud
  5844 | D:6      | Noticed Prince Ribbit
  5856 | D:6      | Killed Prince Ribbit
  5857 | D:6      | Reached skill level 1 in Ice Magic
  5911 | D:6      | Offered knowledge of Searing Ray by Vehumet.
  5922 | D:6      | Reached ** piety under Vehumet
  5997 | D:6      | Reached skill level 11 in Spellcasting
  6436 | D:7      | Identified the amulet of Generosity {Regen+ Slay+2}
  6559 | D:7      | Found Waud's Weapon Emporium.
  6577 | D:7      | Reached XP level 9. HP: 50/50 MP: 26/26
  6782 | D:7      | Learned a level 7 spell: Orb of Destruction
  6783 | D:7      | Noticed Dowan
  6785 | D:7      | Noticed Duvessa
  6792 | D:7      | Killed Dowan
  6862 | D:7      | Killed Duvessa
  7016 | D:7      | Found Umeob's Hydra Hut.
  7019 | D:7      | Noticed a four-headed hydra
  7212 | D:8      | Reached skill level 12 in Spellcasting
  7340 | D:8      | Reached skill level 13 in Spellcasting
  7351 | D:8      | Reached XP level 10. HP: 43/56 MP: 28/29
  7478 | D:8      | Offered knowledge of Static Discharge by Vehumet.
  7592 | D:8      | Reached skill level 14 in Spellcasting
  7631 | D:8      | Reached *** piety under Vehumet
  7675 | D:8      | Got the Encyclopedia of Malignant Rituals
  7691 | D:8      | Found Hoogum's Armour Shop.
  8157 | D:9      | Found a staircase to the Lair.
  8272 | D:9      | Offered knowledge of Inner Flame by Vehumet.
  8503 | D:9      | Noticed Erica
  8518 | D:9      | Killed Erica
  8519 | D:9      | Reached skill level 15 in Spellcasting
  8604 | D:9      | Noticed a two-headed ogre
  8608 | D:9      | Noticed a cyclops
  8609 | D:9      | Noticed a centaur warrior
  8629 | D:9      | Killed a two-headed ogre
  8630 | D:9      | Reached skill level 5 in Fighting
  8630 | D:9      | Reached XP level 11. HP: 55/63 MP: 32/32
  8721 | D:9      | Reached skill level 16 in Spellcasting
  8724 | D:9      | Killed a centaur warrior
  8724 | D:9      | Reached **** piety under Vehumet
  8857 | D:9      | Identified the +9 mace of Integrity {pain, rElec rPois}
  8884 | D:9      | Gained mutation: Your spells are a little easier to cast,
                  | but a little less powerful. [mutagenic glow]
  8930 | D:8      | Bought the +1 cloak of Starlight {*Dazzle EV+4 Stlth--} for
                  | 396 gold pieces
  8930 | D:8      | Found the +1 cloak of Starlight {*Dazzle EV+4 Stlth--}
  9294 | D:10     | Entered Level 10 of the Dungeon
  9323 | D:10     | Found an opulent altar of Gozag.
  9478 | D:10     | Reached skill level 1 in Necromancy
  9533 | D:10     | Found a staircase to the Orcish Mines.
  9537 | D:10     | Offered knowledge of Flame Wave by Vehumet.
  9546 | D:10     | Learned a level 4 spell: Flame Wave
  9585 | D:10     | Reached skill level 5 in Armour
  9737 | D:10     | Reached skill level 1 in Fire Magic
 10416 | D:11     | Reached ***** piety under Vehumet
 10416 | D:11     | Offered knowledge of Olgreb's Toxic Radiance by Vehumet.
 10437 | D:11     | Reached skill level 10 in Conjurations
 10482 | D:11     | Noticed a two-headed ogre
 10489 | D:11     | Killed a two-headed ogre
 10490 | D:11     | Reached skill level 17 in Spellcasting
 10631 | D:11     | Noticed a two-headed ogre
 10644 | D:11     | Killed a two-headed ogre
 10779 | D:11     | Noticed a boulder beetle
 10831 | D:11     | Killed a boulder beetle
 11346 | Temple   | Lost mutation: Your spells are a little easier to cast, but
                  | a little less powerful. [potion of mutation]
 11346 | Temple   | Gained mutation: You are clumsy. (Dex -2) [potion of
                  | mutation]
 11347 | Temple   | Lost mutation: You are clumsy. (Dex -2) [potion of
                  | mutation]
 11347 | Temple   | Gained mutation: You are robust. (+10% HP) [potion of
                  | mutation]
 11347 | Temple   | Gained mutation: You are weak. (Str -2) [potion of
                  | mutation]
 11347 | Temple   | Gained mutation: You are very robust. (+20% HP) [potion of
                  | mutation]
 11496 | D:12     | Reached XP level 12. HP: 81/81 MP: 35/35
 11913 | D:12     | Found Ciojuusk's General Store.
 11920 | D:12     | Bought a scroll of identify for 30 gold pieces
 12205 | D:13     | Noticed a two-headed ogre
 12216 | D:13     | Noticed a six-headed hydra
 12254 | D:13     | Noticed Kirke
 12258 | D:13     | Reached skill level 18 in Spellcasting
 12263 | D:13     | Killed Kirke
 12389 | D:13     | Noticed Lodul
 12397 | D:13     | Reached skill level 5 in Fire Magic
 12397 | D:13     | Killed Lodul
 12403 | D:13     | Killed a six-headed hydra
 12487 | D:13     | Noticed a vault guard
 12506 | D:13     | Killed a vault guard
 12509 | D:13     | Noticed a centaur warrior
 12514 | D:13     | Killed a centaur warrior
 12515 | D:13     | Reached skill level 19 in Spellcasting
 12654 | D:13     | Reached XP level 13. HP: 88/88 MP: 34/38
 12936 | D:13     | Noticed Josephine
 12940 | D:13     | Killed Josephine
 13392 | D:13     | Found a gate to the Vaults.
 13632 | D:13     | Identified the +1 cloak of the Stars {Dex+8 SInv}
 13636 | D:13     | Reached skill level 20 in Spellcasting
 14003 | D:14     | Noticed a fire dragon
 14013 | D:14     | Killed a fire dragon
 14129 | D:14     | Noticed Azrael
 14136 | D:14     | Killed Azrael
 14909 | D:14     | Noticed Frances
 14916 | D:14     | Killed Frances
 15143 | D:15     | Entered Level 15 of the Dungeon
 15496 | D:15     | Noticed Jorgrun
 15501 | D:15     | Killed Jorgrun
 15820 | D:15     | Found a glowing golden altar of the Shining One.
 15939 | D:15     | Reached XP level 14. HP: 98/98 MP: 23/40
 15939 | D:15     | Offered knowledge of Eringya's Noxious Bog by Vehumet.
 15940 | D:15     | Reached skill level 21 in Spellcasting
 16146 | D:15     | Identified the +2 robe of the Harvest Moon {rCorr Str+7
                  | Slay-3 SInv}
 16229 | D:15     | Found a staircase to the Depths.
 16229 | D:15     | Noticed a stone giant
 16269 | D:15     | Killed a stone giant
 16274 | D:15     | Shot with a bolt by a tengu warrior

Illustrated notes

Levels and vault maps discovered:
D:1:      sevenhm_arrival_forest_fort_small_3, layout_loops_ring,
          minmay_tetromino_i2
D:2:      layout_loops_ring
D:3:      layout_loops_corners, mainiacjoe_overflow_concentric_impassable
D:4:      layout_basic, minmay_temple_entry_offerings
D:5:      layout_cave_pods, uniq_ijyb, uniq_pikel
D:6:      layout_basic, uniq_prince_ribbit1
D:7:      layout_loops_ring, serial_shops,
          nicolae_shop_temple_entry_statues_fountains, doesnt_shop_hydraphobe,
          uniq_duvessa
D:8:      layout_basic, serial_shops, shop, columned_hall_lemuel
D:9:      layout_roguey, erik_lair_orcish_takeover,
          minmay_mirror_moons_of_madness, uniq_erica
D:10:     layout_roguey, grunt_gozag_breadcrumbs, zombieorc1_lemuel,
          wad_floor_pattern_1
D:11:     layout_loops_ring, hangedman_abyss_or_decor_stagger
D:12:     layout_small_grid, serial_shops,
          nicolae_shop_temple_entry_statues_fountains
D:13:     cheibrodos_frozen_isle, layout_loops_ring,
          grunt_vaults_entry_fortified, kennysheep_cluttered_room,
          uniq_josephine, uniq_lodul, uniq_kirke
D:14:     layout_layer_cave, minmay_misc_feat_doors, uniq_frances, uniq_azrael
D:15:     grunt_enter_depths_snipers, layout_cave_pods, serial_shops,
          statue_bzr, nrook_uturn, serial_column_ruins, column_ruins_open_tiny,
          column_ruins_corridor_T, column_ruins_open_small, column_ruins_grid_1,
          column_ruins_columns_corner, column_ruins_grid_1,
          column_ruins_open_tiny, tso_metal_star, uniq_jorgrun
Temple:   nicolae_temple_bog_church

Skill      XL: |  1  2  3  4  5  6  7  8  9 10 11 12 13 14 |
---------------+-------------------------------------------+-----
Spellcasting   | 5 6 7 9 11 13 15 17 19 20 21 | 21.1
Fighting       | 1 2 3 5 6 7 |  7.0
Armour         | 1 2 4 5 6 |  6.8
Conjurations   | 2 3 4 6 7 9 10 11 12 | 12.8
Dodging        | 3 |  3.0
Stealth        | 3 |  3.0
Air Magic      | 1 |  1.1
Poison Magic   | 1 |  1.1
Evocations     | 1 |  1.0
Ice Magic      | 2 |  2.0
Necromancy     | 2 |  2.0
Fire Magic     | 3 6 8 |  8.6
Summonings     | |  1.1
Translocations | |  1.1

Action                   |  1- 3 |  4- 6 |  7- 9 | 10-12 | 13-15 || total
-------------------------+-------+-------+-------+-------+-------++-------
Melee: Dagger            |     3 |       |       |       |       ||     3
       Spear             |       |    33 |    61 |    43 |       ||   137
       Punch             |       |     1 |     1 |     2 |     1 ||     5
       Mace              |       |       |       |    18 |       ||    18
       Staff             |       |       |       |    18 |    16 ||    34
 Cast: Magic Dart        |   118 |   103 |     3 |    17 |       ||   241
       Call Imp          |       |     3 |     4 |     3 |     3 ||    13
       Blink             |       |     1 |       |     2 |     8 ||    11
       Mephitic Cloud    |       |     5 |    14 |    33 |     8 ||    60
       Shock             |       |    12 |   176 |   146 |     9 ||   343
       Freezing Cloud    |       |       |       |    33 |    27 ||    60
       Flame Wave        |       |       |       |    25 |    17 ||    42
       Orb of Destructio |       |       |       |     4 |    25 ||    29
  Use: Scroll            |       |       |       |    16 |     3 ||    19
       Potion            |       |       |       |     2 |       ||     2
 Stab: Sleeping          |       |     1 |       |       |       ||     1
       Confused          |       |     6 |     5 |     1 |       ||    12
Armor: Robe              |     3 |    10 |     2 |    18 |       ||    33
       Leather armour    |       |       |    10 |     4 |       ||    14
       Acid dragon scale |       |       |       |    15 |    23 ||    38
Dodge: Dodged            |    14 |    17 |    34 |    97 |    21 ||   183

Table legend: (Time is in decaauts)
 A = Elapsed time spent in this place.
 B = Non-inter-level travel time spent in this place.
 C = Inter-level travel time spent in this place.
 D = Time resting spent in this place.
 E = Time spent auto-exploring this place.
 F = Levels seen in this place.
 G = Mean time per level.
                   A        B        C        D        E       F      G
               +--------+--------+--------+--------+--------+-----+--------+
         Total |  16324 |  15511 |    813 |    801 |  12152 |  16 | 1020.2 |
       Dungeon |  16237 |  15445 |    792 |    801 |  12151 |  15 | 1082.5 |
        Temple |     87 |     67 |     20 |      0 |      1 |   1 |   87.0 |
               +--------+--------+--------+--------+--------+-----+--------+

Top non-repeatable levels by time:
    D:13: 1521 daAuts
    D:14: 1396 daAuts
     D:6: 1182 daAuts
     D:2: 1167 daAuts
     D:9: 1163 daAuts
     D:5: 1152 daAuts
     D:1: 1136 daAuts
    D:15: 1131 daAuts
     D:3: 1088 daAuts
     D:8: 1059 daAuts
    D:10: 954 daAuts
    D:11: 947 daAuts
     D:4: 832 daAuts
    D:12: 757 daAuts
     D:7: 747 daAuts
